[Event "34th GER-ch Seniors-50 2022"]
[Site "Magdeburg"]
[Date "2022.08.17"]
[Round "6.4"]
[White "Wacker, Peter"]
[Black "Juegel, Marcel"]
[Result "1-0"]
[ECO "B00"]
[WhiteElo "2263"]
[BlackElo "2126"]
[Annotator "RC"]
[PlyCount "75"]
[EventDate "2022.08.12"]
[EventType "swiss"]
[EventCountry "GER"]
[SourceTitle "playchess.com"]
[Source "ChessBase"]
[SourceQuality "1"]
[TimeControl "40/5400+30:1800+30"]

1. e4 e6 2. Nc3 b6 3. d4 Bb7 4. a3 Nf6 5. Bd3 d5 6. e5 Nfd7 7. Nce2 Ba6 8. Bxa6 Nxa6 9. c4 c6 10. cxd5 cxd5 11. Qd3 Qc8 12. Nf3 h6 13. h4 Qb7 14. Bd2 Be7 15. h5 Rc8 16. g4 Rc4 17. Bc3 b5 18. b3 Rc6 19. Bd2 b4 20. a4 Nc7 21. Be3 Qa6 22. Kd2 Qxd3+ 23. Kxd3 Nb8 24. Rac1 Kd7 25. Rxc6 Nxc6 26. Nd2 Ne8 27. f3 Na5 28. f4 Nc7 29. f5 Na8 30. Rf1 Bg5 31. fxe6+ Kxe6 32. Rc1 Nb6 33. Rc7 a6 34. Rc5 Nxb3 35. Rc6+ Kd7 36. Rxb6 Na1 37. Bxg5 hxg5 38. Rxb4 1-0

[Event "34th GER-ch Seniors-50 2022"]
[Site "Magdeburg"]
[Date "2022.08.17"]
[Round "6.5"]
[White "Raitza, Olaf"]
[Black "Schatz, Christian"]
[Result "0-1"]
[ECO "B13"]
[WhiteElo "2289"]
[BlackElo "2137"]
[Annotator "RC"]
[PlyCount "72"]
[EventDate "2022.08.12"]
[EventType "swiss"]
[EventCountry "GER"]
[SourceTitle "playchess.com"]
[Source "ChessBase"]
[SourceQuality "1"]
[TimeControl "40/5400+30:1800+30"]

1. e4 c6 2. d4 d5 3. exd5 cxd5 4. Bd3 Nc6 5. c3 Nf6 6. Bf4 g6 7. Nf3 Bg7 8. Qb3 O-O 9. O-O Nh5 10. Bc1 Bg4 11. Qxb7 Na5 12. Qa6 Bxf3 13. b4 Bxg2 14. Kxg2 Qd7 15. f3 Nc6 16. Bb5 Rac8 17. Re1 Rfe8 18. Be3 e5 19. Nd2 e4 20. Rf1 exf3+ 21. Rxf3 Rxe3 22. Rxe3 Bh6 23. Rae1 Bxe3 24. Rxe3 Qg4+ 25. Kh1 Nf4 26. Rg3 Qe6 27. Bf1 Rc7 28. Bg2 Qe1+ 29. Nf1 Re7 30. Qxc6 Nxg2 31. Rf3 Nh4 32. Rf4 g5 33. Qc8+ Kg7 34. Qg4 h6 35. Qg1 Kf8 36. Qf2 gxf4 0-1

[Event "34th GER-ch Seniors-50 2022"]
[Site "Magdeburg"]
[Date "2022.08.17"]
[Round "6.6"]
[White "Lindam, Ingo"]
[Black "Heck, Norbert"]
[Result "1/2-1/2"]
[ECO "A45"]
[WhiteElo "2130"]
[BlackElo "2249"]
[Annotator "TA"]
[PlyCount "42"]
[EventDate "2022.08.12"]
[EventType "swiss"]
[EventCountry "GER"]
[SourceTitle "playchess.com"]
[Source "ChessBase"]
[SourceQuality "1"]
[TimeControl "40/5400+30:1800+30"]

1. d4 Nf6 2. Bg5 Ne4 3. h4 c5 4. d5 Qb6 5. Nd2 Nxd2 6. Bxd2 {[%emt 0:00:32] A45: Trompowsky Attack.} Qxb2 {[%emt 0:04:39] 6...e5 is not played anymore.} 7. e4 d6 (7... Qe5 $1 $11) 8. Rb1 $14 {[%emt 0:01:19] [#] White is slightly better.} Qf6 $146 ({Predecessor:} 8... Qe5 9. Bd3 Nd7 10. Nf3 Qh5 11. Bc3 e5 12. dxe6 fxe6 13. Rg1 Be7 14. Bxg7 Rg8 {1-0 (60) Rozman,L (2334)-Costachi,M (2463) Chess.com INT 2022}) 9. Ne2 e5 10. dxe6 fxe6 11. Rb3 (11. Bc3 $5 Qf7 12. Ng3 $11) 11... Nc6 12. Bg5 Qf7 13. h5 Qc7 14. Qa1 e5 ({Black should try} 14... Rg8 $17) 15. Nc3 Be6 16. Nd5 Bxd5 17. exd5 Nd4 {[%emt 0:00:11] [#]} (17... c4 $1 $14 18. Bxc4 Nd4) 18. Rb2 ({Only move:} 18. Qb1 $1 $16 Nxb3 19. Bb5+ Kf7 20. cxb3) 18... Be7 $11 {[%emt 0:14:40] The position is equal.} 19. Bxe7 Qxe7 ({Much less strong is} 19... Kxe7 20. c3 $16) 20. c3 Nf5 {[%emt 0:00:32] And now ...0-0 would win.} 21. Bb5+ Kd8 {[%emt 0:02:16] Weighted Error Value: White=0.17 (very precise) /Black=0.28 (precise)} 1/2-1/2

[Event "34th GER-ch Seniors-50 2022"]
[Site "Magdeburg"]
[Date "2022.08.17"]
[Round "6.7"]
[White "Hirn, Oskar"]
[Black "Wenner, Tobias"]
[Result "1/2-1/2"]
[ECO "A36"]
[WhiteElo "2188"]
[BlackElo "2099"]
[Annotator "TA"]
[PlyCount "76"]
[EventDate "2022.08.12"]
[EventType "swiss"]
[EventCountry "GER"]
[SourceTitle "playchess.com"]
[Source "ChessBase"]
[SourceQuality "1"]
[TimeControl "40/5400+30:1800+30"]

1. c4 Nf6 2. Nc3 g6 3. e4 d6 4. g3 Bg7 5. Bg2 c5 6. Nge2 Nc6 7. O-O {[%emt 0:01:27] 7.d3 is the modern continuation.} e5 {[%emt 0:00:46] A36: Symmetrical English vs ...g6: 4 Bg2 Bg7.} 8. d3 Be6 9. Nd5 Nd4 {[%emt 0:06:46] White is slightly better.} 10. Nxd4 {[%emt 0:01:25] [#]} exd4 $146 ({Predecessor:} 10... cxd4 11. Qa4+ Bd7 12. Qb4 Nxd5 13. cxd5 Qb6 14. Qa3 O-O 15. Bd2 Rfc8 16. Rfc1 Bf8 {½-½ (56) Nagaran,M (2020)-Boyd,J (1741) San Diego 2004}) 11. b4 Bxd5 12. exd5 O-O 13. bxc5 dxc5 14. Rb1 Qd7 15. d6 Rab8 16. Qf3 Ne8 17. Qd5 b6 18. Bf4 {[%emt 0:01:25] A strong pair of Bishops.} Rd8 19. Rfe1 {[%emt 0:03:03] Re7 is the strong threat. 0x0.0013bc4ac444dp-1022s more active pieces.} ({Don't play} 19. Bg5 Nf6 20. Qf3 Qxd6 $11) 19... Nxd6 20. Qxd6 Qxd6 21. Bxd6 Rxd6 22. Re7 Bf6 23. Rxa7 Re8 24. Bd5 Re7 25. Ra6 Re2 (25... Kg7 $16 {was worth a try.}) 26. Rbxb6 $18 ({Much less strong is} 26. Raxb6 $6 Rxb6 27. Rxb6 Be7 $16) 26... Rxb6 27. Rxb6 {[%emt 0:00:05][%mdl 4096] Endgame KRB-KRB} Be7 28. Rb7 {[%emt 0:11:45] Hoping for Kf1.} Kf8 29. a4 Ra2 30. Rb8+ Kg7 {[%emt 0:00:16] [#]} 31. Rb7 (31. Re8 $1 $16 Kf6 32. Ra8) 31... Kf8 $14 32. Rb8+ (32. Ra7 $14) 32... Kg7 $16 {[%emt 0:00:05] [#]} 33. Ra8 (33. Re8 $1 $16 Kf6 34. g4) 33... Ra3 $14 34. Ra7 Kf8 35. Ra8+ Kg7 36. Ra7 Kf8 37. Ra8+ Kg7 38. Ra7 Kf8 $1 {[%emt 0:47:35] Black defended with fortune.  Weighted Error Value: White=0.18 (very precise) /Black=0.09 (flawless)} 1/2-1/2

[Event "34th GER-ch Seniors-50 2022"]
[Site "Magdeburg"]
[Date "2022.08.18"]
[Round "7.1"]
[White "Pirrot, Dieter"]
[Black "Zude, Arno"]
[Result "0-1"]
[ECO "C54"]
[WhiteElo "2328"]
[BlackElo "2371"]
[Annotator "TA"]
[PlyCount "70"]
[EventDate "2022.08.12"]
[EventType "swiss"]
[EventCountry "GER"]
[SourceTitle "playchess.com"]
[Source "ChessBase"]
[SourceQuality "1"]
[TimeControl "40/5400+30:1800+30"]

1. e4 e5 2. Nf3 Nc6 3. Bc4 Bc5 4. c3 Nf6 5. d4 exd4 6. b4 {[%emt 0:00:08] C54: Giuoco Piano: 4 c3 Nf6, main lines with 5 d4 and 5 d3.} (6. cxd4 $11 {should be considered.} Bb4+ 7. Bd2) 6... Bb6 $15 7. e5 {[%emt 0:00:29] [#]} d5 $1 {[%emt 0:01:37] And now ...Ne4 would win.} 8. exf6 {[%emt 0:00:12] Black has an edge.} dxc4 9. Qe2+ {[%emt 0:00:22] 9.Qe2+ scores better than 9.b5.} Be6 $1 (9... Kf8 10. b5 Na5 11. Qe5 $11) 10. b5 $1 ({Much worse is} 10. fxg7 Rg8 11. b5 Ne7 12. cxd4 Rxg7 $17) 10... Na5 11. fxg7 Rg8 12. Nxd4 Rxg7 13. Nxe6 fxe6 14. O-O $1 Qd5 {[%emt 0:05:28][%csl Gg7,LRb5,LRg2][%cal Rd5g2] Active counter play!} 15. g3 O-O-O {[%emt 0:00:24] [#]} 16. Bf4 $146 (16. Nd2 $15) ({Predecessor:} 16. a4 Nb3 17. Ra2 Nxc1 18. Rxc1 Rdg8 19. Qf1 Qf3 {0-1 (19) Lopukhin,A-Smirnov,A Russia 1997}) 16... Rf7 $1 $36 {[%emt 0:05:11][%cal Of7f4][%mdl 2048] Hoping for ...Rxf4! Black is in control.} (16... Qxb5 17. Na3 Qa4 18. Nc2 $11) 17. Bh6 Rf6 18. Bg7 Rg6 19. Be5 Qxb5 {[%emt 0:02:15] ...Nc6 is the strong threat.} 20. Na3 Qa4 21. Nc2 Nc6 22. Bf4 (22. Ne1 $17) 22... Rd3 $19 23. Ne1 Rxc3 24. Bd2 (24. Qh5 $142 Nd4 25. Qxh7 Ne2+ 26. Kh1 Qc6+ 27. f3) 24... Ra3 25. Qh5 Rg7 ({And not} 25... Rxa2 26. Rxa2 Qxa2 27. Qxh7 Rxg3+ 28. hxg3 Qxd2 29. Nf3 $17) ({Black should play} 25... Nd4 $19 {Strongly threatening ...Qc6.} 26. Qxh7 Qe8) 26. Bg5 $2 (26. Bc1 $1 $11) 26... Rd7 27. Nf3 Nd8 (27... Rxa2 $2 28. Qe8+ Nd8 29. Bxd8 $1 (29. Rxa2 Qxa2 30. Ne5 Rd5 $11) 29... Bxf2+ 30. Kh1 Rxd8 31. Qxa4 Rxa4 32. Rxa4 $18) (27... a5 $142 $1 {aiming for ...Rd5.} 28. Ne5 Rd5 29. Qe8+ Nd8) 28. Ne5 $17 Rd5 29. Bxd8 Rxd8 30. Rad1 {[%emt 0:03:08] [#]} (30. Qg4 $17) 30... Rad3 $1 $19 31. Nxd3 cxd3 32. Qxh7 d2 33. Qb1 Qc4 34. Qb3 Qe2 {[%emt 0:00:37] White must now prevent ...Rf8.} 35. Qc3 $2 {[%emt 0:02:38] [#]} (35. Kg2 $19 Rf8 36. Rb1) 35... Bxf2+ $1 {[%emt 0:00:26][%mdl 512] Weighted Error Value: White=0.53/Black=0.20 (precise)} 0-1

[Event "34th GER-ch Seniors-50 2022"]
[Site "Magdeburg"]
[Date "2022.08.18"]
[Round "7.2"]
[White "De Roda Husman, Juan"]
[Black "Wacker, Peter"]
[Result "1/2-1/2"]
[ECO "C60"]
[WhiteElo "2266"]
[BlackElo "2263"]
[Annotator "TA"]
[PlyCount "54"]
[EventDate "2022.08.12"]
[EventType "swiss"]
[EventCountry "GER"]
[SourceTitle "playchess.com"]
[Source "ChessBase"]
[SourceQuality "1"]
[TimeControl "40/5400+30:1800+30"]

1. e4 e5 2. Nf3 Nc6 3. Bb5 g6 4. c3 d6 5. d4 Bd7 6. O-O Bg7 7. Re1 {[%emt 0:02:14] C60: Ruy Lopez: Unusual Black 3rd moves and 3...g6.} Qe7 8. h3 Nf6 {[%emt 0:00:20] [#]} 9. d5 $146 ({Predecessor:} 9. Bg5 Rd8 10. Nbd2 h6 11. Be3 Nh5 12. d5 Nb8 13. Be2 a6 14. c4 Rf8 15. Rc1 {½-½ (47) Keizers,P-Pots,A Haarlem 2004}) 9... Nb8 10. Bf1 O-O 11. c4 a5 12. Nc3 Na6 13. Be3 Ne8 14. Nd2 (14. a3 $14) 14... f5 $11 15. exf5 gxf5 {[%emt 0:02:26] [#] Strongly threatening ...f4.} 16. f4 b6 17. Nf3 Nc5 18. Rc1 e4 19. Nd4 Nf6 20. b3 Qf7 21. a3 Nh5 22. b4 axb4 23. axb4 Na4 (23... Nxf4 $14 24. bxc5 (24. Bxf4 Nd3 $11) 24... bxc5) 24. Ncb5 $18 Rfc8 25. Qb3 ({White should play} 25. Be2 $18 Ng3 26. Qb3) 25... Ng3 {[%emt 0:04:12] [#]} (25... Bxb5 $14 26. Nxb5 Qg6) 26. Ra1 $2 (26. Rc2 $18) 26... Nxf1 27. Rxf1 Nc5 $1 {[%emt 0:00:25] Weighted Error Value: White=0.34/Black=0.26 (precise)} 1/2-1/2

[Event "34th GER-ch Seniors-50 2022"]
[Site "Magdeburg"]
[Date "2022.08.18"]
[Round "7.3"]
[White "Reddmann, Hauke"]
[Black "Kauch, Markus"]
[Result "1-0"]
[ECO "D00"]
[WhiteElo "2181"]
[BlackElo "2169"]
[Annotator "TA"]
[PlyCount "63"]
[EventDate "2022.08.12"]
[EventType "swiss"]
[EventCountry "GER"]
[SourceTitle "playchess.com"]
[Source "ChessBase"]
[SourceQuality "1"]
[TimeControl "40/5400+30:1800+30"]

1. d4 d5 2. Bf4 c6 3. e3 Qb6 4. b3 Bf5 5. Nf3 Nf6 6. Nh4 {[%emt 0:04:17] D00: 1 d4 d5: Unusual lines.} Bg4 {[%emt 0:03:47] [#]} 7. f3 $146 (7. Be2 $11 Bxe2 8. Qxe2) ({Predecessor:} 7. Qd3 e6 8. Nd2 c5 9. h3 Bh5 10. g4 Bg6 11. Nxg6 hxg6 12. Bg2 Nc6 13. c3 cxd4 14. exd4 {½-½ (54) Krumpacnik,D (2356)-Jeran,B (2229) Konjice 2009}) 7... Bh5 (7... Bd7 $17) 8. g4 $11 {[%emt 0:01:14] Active counter play! White has an edge.} Bg6 9. Nxg6 hxg6 10. c4 Nbd7 11. Bg2 (11. c5 $11 {keeps the balance.} Qa5+ 12. Kf2) 11... dxc4 $17 (11... e5 12. dxe5 g5 13. Bxg5 Nxe5 14. Qe2 $15) 12. bxc4 e5 13. dxe5 Qa5+ 14. Kf2 (14. Ke2 $17 {was necessary.} Nxe5 15. Qd4) 14... Nxe5 15. Qd4 Nfd7 16. Rd1 O-O-O 17. Bf1 Bc5 18. Qc3 {[%emt 0:04:26] [#]} Bb4 19. Qb2 Rde8 20. a3 (20. Kg2 $17) 20... Bc5 $19 {[%emt 0:00:59][%cal Oc5e3] ...Bxe3+! is the strong threat.} 21. Qc3 (21. Kg2 $142) 21... Qc7 22. Kg2 g5 23. Bg3 {[%emt 0:00:20] [#]} Qb6 $2 (23... f5 $1 $19 {[%cal Rf5f4] And now ...f4 would win.} 24. gxf5 g4) 24. Nd2 $1 $11 {[%emt 0:02:56] Strongly threatening Ne4.} Nxg4 $2 25. fxg4 $18 Rxe3 26. Qc2 {[%emt 0:03:35] Threatens to win with Rab1.} ({Don't take} 26. Qxg7 Bd4 27. Qxg5 (27. Qxf7 Rf8 $11) 27... f6 $18) 26... Qd8 (26... f5 $142 27. gxf5 Nf6) 27. Ne4 Qe7 28. Nxc5 Qxc5 (28... Nxc5 29. Qf2 (29. Qf5+ Qe6 $18) 29... Nb3) 29. Qf5 ({Weaker is} 29. Qd2 Qe7 $18) (29. Bd6 $142 Qa5 30. Rab1) 29... Qe7 (29... Qxf5 30. gxf5 Re4) 30. Re1 {[%emt 0:01:20] White is clearly winning.} g6 31. Rxe3 Qxe3 32. Qd3 {[%emt 0:01:24] Weighted Error Value: White=0.40/Black=0.64} (32. Qxf7 $142 Qe4+ 33. Qf3 Qxf3+ 34. Kxf3) 1-0

[Event "34th GER-ch Seniors-50 2022"]
[Site "Magdeburg"]
[Date "2022.08.18"]
[Round "7.4"]
[White "Schatz, Christian"]
[Black "Hirn, Oskar"]
[Result "1/2-1/2"]
[ECO "D36"]
[WhiteElo "2137"]
[BlackElo "2188"]
[Annotator "TA"]
[PlyCount "31"]
[EventDate "2022.08.12"]
[EventType "swiss"]
[EventCountry "GER"]
[SourceTitle "playchess.com"]
[Source "ChessBase"]
[SourceQuality "1"]
[TimeControl "40/5400+30:1800+30"]

1. d4 Nf6 2. Nf3 d5 3. c4 e6 4. Nc3 Be7 5. Bg5 Nbd7 6. e3 O-O 7. cxd5 exd5 8. Bd3 c6 9. Qc2 Re8 10. O-O Ne4 11. Bxe4 dxe4 12. Nxe4 Bxg5 13. Nexg5 Nf8 $1 {[%emt 0:04:52] [#]} 14. Qb3 {[%emt 0:08:42] White is more active. D36: Queen's Gambit Declined: Exchange Variation: Main line (5 Bg5 c6 6 Qc2).} ({White should play} 14. Ne4 $1 $16) 14... Qf6 $1 $11 {[%emt 0:01:02] [#]} 15. Qc2 $146 (15. Qd3 $5 ) ({Predecessor:} 15. Qd3 Bf5 16. e4 Bg6 17. Qe3 h6 18. e5 Qf5 19. Nh3 Ne6 20. Nh4 Qg4 21. Nxg6 fxg6 {0-1 (54) Martirosyan,H (2622)-Gukesh,D (2563) Chess.com INT 2020}) 15... Bf5 {[%emt 0:15:58][%mdl 1024] Inhibits Ne4. Black has compensation.} 16. e4 {[%emt 0:02:31] An interesting draw.} 1/2-1/2

[Event "34th GER-ch Seniors-50 2022"]
[Site "Magdeburg"]
[Date "2022.08.18"]
[Round "7.5"]
[White "Koscielski, Janusz"]
[Black "Willsch, Matthias"]
[Result "1/2-1/2"]
[ECO "C08"]
[WhiteElo "2255"]
[BlackElo "2104"]
[Annotator "TA"]
[PlyCount "169"]
[EventDate "2022.08.12"]
[EventType "swiss"]
[EventCountry "GER"]
[SourceTitle "playchess.com"]
[Source "ChessBase"]
[SourceQuality "1"]
[TimeControl "40/5400+30:1800+30"]

1. e4 e6 2. d4 d5 3. Nd2 c5 4. exd5 exd5 5. Ngf3 a6 6. Be2 Nf6 7. O-O Be7 8. dxc5 Bxc5 9. Nb3 Bb6 $1 {[%emt 0:00:07] The main line 9...Bb6 scores better than 9...Ba7.} 10. Bg5 {[%emt 0:05:33] C08: French Tarrasch: 3...c5 4 exd5 exd5 sidelines.} O-O 11. c3 Re8 12. h3 {[%emt 0:17:19] White is slightly better.} Nc6 13. Bd3 Qd6 (13... h6 $5 14. Bxf6 Qxf6 $11) 14. Nbd4 Ne4 15. Be3 Bc7 {[%emt 0:07:28] [#]} 16. Re1 $146 ({Predecessor:} 16. Nxc6 bxc6 17. Re1 Rb8 18. Qc2 Bf5 19. c4 Bg6 20. c5 Qd7 21. a3 f5 22. b4 f4 23. Bd4 {1-0 (42) Muhammed,S (1893)-Dobrowolski,P (2413) Chess.com INT 2020}) 16... Bd7 17. Rc1 (17. Nxc6 $11 bxc6 18. c4) 17... Rad8 (17... Nxd4 $15 18. cxd4 f6) 18. Bf1 Nxd4 (18... Qg6 $15) 19. cxd4 Bb8 20. Rc2 Bf5 21. Rce2 Bg6 22. g3 Qd7 23. Bg2 f6 {[%emt 0:00:30] Inhibits Ne5.} 24. Nd2 Bh5 25. g4 Bg6 26. Nf1 h5 27. f3 Ng3 28. Nxg3 Bxg3 29. Bf2 Bb8 30. Qd2 Rxe2 31. Rxe2 Rc8 32. Qe3 Qc7 {[%emt 0:01:48] With the idea ...Qh2+.} 33. f4 Bf7 34. f5 $1 Qc1+ (34... b5 $15) 35. Qxc1 $11 Rxc1+ 36. Bf1 $1 ({Much worse is} 36. Re1 Rc2 $15) 36... hxg4 37. hxg4 Kf8 38. Be3 Rc8 39. Kf2 g5 40. Bg2 Ba7 41. Bf3 Rc4 42. Rd2 Bb6 43. Bd1 Rc8 44. Rd3 Rc7 45. Bb3 Ba7 46. Bd2 Rc8 47. Bc3 Re8 48. Bd1 Rc8 49. Bf3 Rc4 50. a3 Bb6 51. Rd1 Rc8 52. Re1 Bd8 53. Ke3 Kg7 (53... Be7 $11 {feels stronger.}) 54. Kd3 $14 Rc6 55. Bb4 {[%emt 0:00:52] White is more active.} Rc4 {[%emt 0:00:47] [#]} (55... Bb6 $16 {might work better.}) 56. Bc5 $1 $18 b6 57. b3 bxc5 58. bxc4 dxc4+ {[%emt 0:00:05][%mdl 4096] Endgame KRB-KB} 59. Ke4 cxd4 60. Kxd4 Bb6+ 61. Ke4 Bc5 62. a4 (62. Rb1 $18) 62... Ba3 (62... a5 $16 63. Rd1 c3) 63. Bd1 (63. Rb1 $18 {and the rest is easy.}) 63... Bb2 (63... Bb4 $16 64. Rh1 c3) 64. Bc2 Kf8 65. Rb1 c3 66. Kd4 ({Better is} 66. Rh1 $18) 66... Bb3 (66... a5 $16 {was called for.} 67. Kc5 Ba2) 67. Kd3 Bd5 68. Ke3 {[%emt 0:00:27] Threatens to win with Rd1.} Ke7 69. Rd1 Bc6 70. Rd4 a5 71. Rc4 Kd6 72. Be4 Bd7 73. Kd3 Ke5 (73... Be8 $16 74. Bg2 Ba1) 74. Bc6 Bc8 75. Re4+ Kd6 {[%emt 0:00:11] [#]} 76. Bb5 $2 (76. Ba8 $1 $18) 76... Bb7 $1 $11 77. Re6+ Kc5 78. Kc2 {[%emt 0:00:57] Bd3 is the strong threat.} Bf3 79. Be2 Bd5 (79... Bc6 $11) 80. Rxf6 (80. Ra6 $1 $14) 80... Be4+ {[%emt 0:00:27] The position is equal.} 81. Kb3 {[%emt 0:00:43] Strongly threatening Rf8.} Bd5+ 82. Kc2 Be4+ 83. Kb3 {[%emt 0:00:36] aiming for Rf8.} Bd5+ 84. Kc2 {[%emt 0:00:09] Hoping for Ra6.} Be4+ 85. Kb3 {[%emt 0:00:40] Black escapes into a draw.  Weighted Error Value: White=0.09 (flawless) /Black=0.13 (very precise)} 1/2-1/2

[Event "34th GER-ch Seniors-50 2022"]
[Site "Magdeburg"]
[Date "2022.08.18"]
[Round "7.6"]
[White "Heck, Norbert"]
[Black "Moritz, Hartmut"]
[Result "1-0"]
[ECO "D70"]
[WhiteElo "2249"]
[BlackElo "2057"]
[Annotator "TA"]
[PlyCount "99"]
[EventDate "2022.08.12"]
[EventType "swiss"]
[EventCountry "GER"]
[SourceTitle "playchess.com"]
[Source "ChessBase"]
[SourceQuality "1"]
[TimeControl "40/5400+30:1800+30"]

1. Nf3 d5 2. d4 Nf6 3. c4 c6 4. Nbd2 g6 5. e3 Bg7 6. Bd3 O-O 7. O-O Nbd7 8. b3 {[%emt 0:00:39] [#] D70: Grünfeld: Unusual White 3rd moves (met by ...d5).} Ng4 $146 ({Predecessor:} 8... b6 9. Bb2 Bb7 10. Rc1 e6 11. c5 bxc5 12. dxc5 Qe7 13. b4 e5 14. e4 dxe4 15. Nxe4 Nxe4 16. Bxe4 {1-0 (46) Nakamura,H (2736)-Sadhwani,R (2545) Chess.com INT 2020}) 9. h3 Nh6 10. Bb2 {[%emt 0:00:32] White is slightly better.} f5 11. cxd5 cxd5 12. Rc1 Nf7 13. Qc2 e5 14. dxe5 {[%emt 0:00:59] White is more active.} Ndxe5 15. Be2 Bd7 16. Nd4 Rc8 17. Qb1 Qe7 18. N2f3 Rfe8 19. Rxc8 Rxc8 20. Rd1 a6 21. Nxe5 Nxe5 22. Nf3 Bb5 (22... Bc6 $16 {was necessary.}) 23. Nd4 $2 (23. Rxd5 $6 Nxf3+ 24. Bxf3 Bc6 $16) ({Better is} 23. Bxb5 $18 Nxf3+ 24. gxf3 axb5 25. Bxg7 (25. Rxd5 Rd8 $16) 25... Kxg7 26. Rxd5) 23... Bxe2 (23... Bd7 $11) 24. Nxe2 $16 Qc5 25. Rc1 {[%emt 0:03:45] Inhibits Qc2.} Qf8 26. Nf4 {[%emt 0:03:07] Black must now prevent Ne6.} Rxc1+ 27. Qxc1 {[%emt 0:06:47] Strongly threatening Ne6.} Qe8 {[%emt 0:03:05] Prevents Ne6. This costs Black the game.} (27... Kf7 $16 28. Nxd5 Qd6) 28. Qa1 ({Less strong is} 28. Nxd5 Nd3 29. Qc4 Nxb2 $16) (28. Qc7 $18) 28... g5 29. Nxd5 {[%emt 0:00:21] aiming for f4.} g4 (29... Qe6 $16 {might work better.}) 30. Nf4 $18 h5 31. Bd4 h4 32. Qc3 g3 $2 (32... gxh3 33. Qc7 (33. gxh3 Nf3+ 34. Kg2 Qe4 $16) (33. Nxh3 Qc6 $18) 33... hxg2 34. Qxb7 h3 35. Qd5+ Kh7 36. Nxh3 Qh5) 33. fxg3 {[%emt 0:03:54] White is clearly winning.} (33. Qc7 Qc6 34. Qd8+ (34. Bxe5 Bxe5 35. Qxc6 gxf2+ 36. Kxf2 bxc6 $18) 34... Kf7 35. fxg3 Bf6 36. Qd5+ Qxd5 37. Nxd5 Bh8 38. gxh4 Bg7 $18) 33... hxg3 34. Ne2 Qb8 35. Kh1 Qd6 36. Qc8+ Qf8 (36... Bf8 $142 37. Qxf5 Nc6 38. Qg4+ Kf7 39. Nxg3 Qe6 40. Qh5+ Qg6 41. Qf3+ Ke8) 37. Qxf8+ Kxf8 38. Nxg3 Nd3 39. Bxg7+ Kxg7 40. Nxf5+ {[%emt 0:00:09][%mdl 4096] Endgame KN-KN} Kf6 41. Nd4 Ke5 42. h4 Ke4 43. h5 Kxe3 {[%emt 0:00:48] [#]} 44. h6 $1 {[%emt 0:01:04] White threatens h7 and mate.} Ne5 45. h7 Nf7 46. Nf5+ Kd3 {[%emt 0:00:00] [#]} 47. Nd6 $1 Nh8 48. Nxb7 {[%emt 0:00:00] Nc5+ would kill now.} Kc3 49. Nc5 a5 50. a3 {[%emt 0:00:00] Weighted Error Value: White=0.20 (precise) /Black=0.47} 1-0

[Event "34th GER-ch Seniors-50 2022"]
[Site "Magdeburg"]
[Date "2022.08.18"]
[Round "7.7"]
[White "Wenner, Tobias"]
[Black "Krause, Ullrich"]
[Result "1/2-1/2"]
[ECO "A13"]
[WhiteElo "2099"]
[BlackElo "2190"]
[Annotator "RC"]
[PlyCount "125"]
[EventDate "2022.08.12"]
[EventType "swiss"]
[EventCountry "GER"]
[SourceTitle "playchess.com"]
[Source "ChessBase"]
[SourceQuality "1"]
[TimeControl "40/5400+30:1800+30"]

1. Nf3 Nf6 2. c4 e6 3. g3 a6 4. Bg2 b5 5. b3 Bb7 6. O-O c5 7. Bb2 Be7 8. d3 O-O 9. Nbd2 d5 10. e3 Nbd7 11. Qe2 Qc7 12. cxd5 Bxd5 13. Rac1 Rac8 14. Rfd1 Qb8 15. d4 Qa8 16. Qf1 Ne4 17. Nxe4 Bxe4 18. dxc5 Nxc5 19. Nd4 Rfd8 20. Bxe4 Qxe4 21. Qg2 Qxg2+ 22. Kxg2 g6 23. b4 Na4 24. Nc6 Rxd1 25. Nxe7+ Kf8 26. Nxg6+ hxg6 27. Rxc8+ Ke7 28. Bd4 f6 29. Ra8 e5 30. Bc5+ Nxc5 31. bxc5 Rc1 32. Rxa6 Rxc5 33. h4 Rc2 34. e4 Kf7 35. g4 Rc4 36. f3 Kg7 37. Kg3 b4 38. Ra7+ Kg8 39. h5 g5 40. Rb7 Rc2 41. Rxb4 Rxa2 42. Rb1 Kg7 43. Rf1 Rb2 44. Rf2 Rb3 45. Rd2 Ra3 46. Kf2 Rb3 47. Ke2 Ra3 48. Rd3 Ra2+ 49. Ke3 Ra7 50. Rb3 Rd7 51. Rd3 Ra7 52. Kd2 Rc7 53. Rc3 Rd7+ 54. Kc2 Kf7 55. Rd3 Rc7+ 56. Kb3 Kg7 57. Kb4 Kf7 58. Rd5 Rb7+ 59. Kc4 Rc7+ 60. Rc5 Rd7 61. Kc3 Ra7 62. Kb4 Rb7+ 63. Kc4 1/2-1/2